 Dungeon Crawl Stone Soup version 0.26-a0-667-g9264253 (webtiles) character file.

Game seed: 756046822966628704

66678 Mopster the Bludgeoner (level 14, -2/133 HPs)
             Began as a Minotaur Berserker on Oct 17, 2020.
             Was an Elder of Trog.
             Killed from afar by Erica (19 damage)
             ... with a bolt of poison
             ... on level 2 of the Orcish Mines on Oct 18, 2020.
             The game lasted 02:06:15 (22828 turns).

Mopster the Bludgeoner (Minotaur Berserker)        Turns: 22828, Time: 02:06:15

Health: -2/133     AC:  4    Str: 27    XL:     14   Next: 80%
Magic:  13/13      EV: 15    Int:  4    God:    Trog [****..]
Gold:   585        SH: 27    Dex: 13    Spells: 13/13 levels left

rFire    + . .     SeeInvis .   M - +5 eveningstar (protect)
rCold    + . .     Faith    .   n - +1 tower shield
rNeg     . . .     Spirit   .   (no armour)
rPois    .         Reflect  +   z - +1 hat
rElec    .         Harm     .   C - scarf {+Inv}
rCorr    +         Rampage  .   b - +0 pair of gloves
MR       ++...                  k - +0 pair of boots
Stlth    +.........             x - amulet of reflection
HPRegen  0.32/turn              H - ring of protection from magic
MPRegen  0.13/turn              e - ring "Ocyefalu" {rF+ rC+ rCorr Str+3}

@: lethally poisoned (-2 -> -11), berserk cooldown, slowed, studying Armour,
very slow
A: retaliatory headbutt, horns 2
a: Berserk, Trog's Hand, Brothers in Arms, Renounce Religion, Evoke Invisibility


You were on level 2 of the Orcish Mines.
You worshipped Trog.
Trog was greatly pleased with you.
You visited 4 branches of the dungeon, and saw 21 of its levels.

You collected 1966 gold pieces.
You spent 1381 gold pieces at shops.

Inventory:

Hand Weapons
 M - a +5 eveningstar of protection (weapon)
 X - a +3 great mace
Missiles
 I - 3 throwing nets (quivered)
Armour
 a - a +3 plate armour of poison resistance
 b - a +0 pair of gloves (worn)
 k - a +0 pair of boots (worn)
 l - a +0 plate armour
 n - a +1 tower shield (worn)
 o - a +2 cloak
 z - a +1 hat (worn)
 C - a scarf of invisibility (worn)
Jewellery
 e - the ring "Ocyefalu" (right hand) {rF+ rC+ rCorr Str+3}
   (You bought it in a shop on level 2 of the Orcish Mines)

   [ring of resist corrosion]

   It affects your strength (+3).
   It protects you from fire.
   It protects you from cold.
   It provides partial protection from all sources of acid and corrosion.
 m - an uncursed ring of resist corrosion
 x - an amulet of reflection (around neck)
 B - a +4 ring of slaying
 E - the ring "Pyubulof" {+Blink +Fly MP+9 SInv}
   (You found it on level 5 of the Dungeon)

   [ring of magical power]

   It affects your magic capacity (+9).
   It lets you see invisible.
   It lets you fly.
   It lets you blink.
 H - a ring of protection from magic (left hand)
 J - the ring of Ru's Castigation {rN+ Dex+6}
   (You found it on level 7 of the Dungeon)

   [ring of dexterity]

   It affects your dexterity (+6).
   It protects you from negative energy.
 N - an uncursed ring of poison resistance
 W - an uncursed ring of protection from fire
Wands
 g - a wand of digging (4)
 h - a wand of random effects (14)
 O - a wand of polymorph (17)
 P - a wand of enslavement (8)
 V - a wand of flame (16)
Scrolls
 d - 3 scrolls of identify
 j - a scroll of silence
 q - 3 scrolls of magic mapping
 t - a scroll of enchant weapon
 u - 3 scrolls of immolation
 y - 4 scrolls of fear
 A - a scroll of blinking
 D - 5 scrolls of remove curse
 F - 9 scrolls of teleportation
 K - a scroll of enchant armour
 L - 2 scrolls of fog
 Q - 2 scrolls of torment
 S - a scroll of holy word
Potions
 c - 2 potions of resistance
 i - 3 potions of flight
 r - a potion of stabbing
 s - 3 potions of mutation
 v - 6 potions of curing
 w - 4 potions of lignification
 U - 2 potions of ambrosia
Books
 p - a manual of Armour
Miscellaneous
 f - a phantom mirror
 Z - a lightning rod (4/4)


   Skills:
 * Level 14.8 Fighting
 - Level 16.0 Maces & Flails
 + Level 14.3 Armour
 * Level 8.6 Dodging
 + Level 15.3 Shields
 + Level 1.9 Evocations


You had 13 spell levels left.
You didn't know any spells.
Your spell library contained the following spells:

 Spells                   Type           Power        Failure   Level
 Beastly Appendage        Tmut           #.....       89%         1
 Wereblood                Tmut           #.......     96%         2
 Spider Form              Tmut/Pois      #.........   99%         3
 Ice Form                 Ice/Tmut       #.......     100%        4
 Blade Hands              Tmut           #.........   100%        5
 Bolt of Magma            Conj/Fire/Erth #.........   100%        5
 Iskenderun's Battlesphe  Conj           #.......     100%        5
 Iron Shot                Conj/Erth      #.........   100%        6
 Orb of Destruction       Conj           #.........   100%        7
 Spellforged Servitor     Conj/Summ      #.........   100%        7


Dungeon Overview and Level Annotations

Branches:
Dungeon (12/15)            Temple (0/1) D:4            Lair (6/6) D:10
  Swamp (1/4) Lair:3        Snake (0/4) Lair:2        Slime (0/5) Lair:5
    Orc (2/2) D:9             Elf (0/3) Orc:2

Altars:
Ashenzari
Cheibriados
Elyvilon
Fedhas
Hepliaklqana
Makhleb
Okawaru
Yredelemnul
Zin
The Shining One
Beogh
Jiyva

Shops:
D:6 ?   Orc:2 =(*[

Annotations:
D:7 1 runed translucent door
D:11 3 runed translucent doors
Lair:2 2 transporters
Orc:1 Erica


Innate Abilities, Weirdness & Mutations

You reflexively headbutt those who attack you in melee.
You have a pair of horns on your head.


Message History

There is a stone staircase leading up here.
You start resting.
Something barely misses you. Something hits you.
* * * LOW HITPOINT WARNING * * *
Something burns you.
* * * LOW HITPOINT WARNING * * *
Deactivating autopickup; reactivate with Ctrl-A.
You start resting.
You hear some strange, mumbled words.
Something tries to affect you, but you resist.
You start resting.
Something hits you.
* * * LOW HITPOINT WARNING * * *
Something hits you!
* * * LOW HITPOINT WARNING * * *
Something burns you.
* * * LOW HITPOINT WARNING * * *
You hear some strange, mumbled words.
A bolt of poison appears from out of thin air!
The bolt of poison hits you!!
You are poisoned.
You die...

#####[.)>...........#
...[[#.##........#.##
#####[.[.[....#.####
#...##.........##
.8.8.#..........##
...._##........#.##
.8.8.#...#.......<#
#...##...........{##
#####...##..#...@..#
.......#####.^..#.##
......## #.....##
.......## ##.#.##
.)##....# #####
...###.## #.## ###
...# ..##


There were no monsters in sight!

Vanquished Creatures
  Saint Roka (Orc:2)
  Gastronok (Lair:1)
  3 orc warlords
  A stone giant (Orc:1)
  2 boulder beetles
  3 hydras
  2 two-headed ogres
  A catoblepas (Lair:4)
  A death knight (D:11)
  5 orc high priests (Orc:2)
  A skeletal warrior (D:11)
  A fire crab (Lair:6)
  A necromancer (Lair:6)
  3 orc knights (Orc:2)
  7 orc sorcerers
  3 ugly things
  A manticore (D:11)
  2 cyclopes (D:11)
  7 elephants
  2 torpor snails
  6 black mambas
  A molten gargoyle (Lair:6)
  8 cane toads
  8 komodo dragons
  6 rime drakes
  2 polar bears
  5 trolls
  2 dream sheep (Lair:3)
  19 blink frogs
  Sigmund (D:2)
  32 yaks
  3 wyverns
  A vampire (D:9)
  10 basilisks
  A steam dragon (Lair:6)
  Menkaure (D:4)
  5 wargs
  3 nagas (Lair:2)
  7 water moccasins
  36 orc warriors
  4 sky beasts
  A necrophage (D:8)
  An eye of draining (D:11)
  3 phantoms
  2 black bears
  4 ice beasts
  13 ogres
  37 wolves
  5 centaurs
  9 bullfrogs
  A gnoll sergeant (D:11)
  6 scorpions
  14 killer bees
  2 water moccasin skeletons (D:7)
  4 wights (D:7)
  3 howler monkeys
  A centaur zombie (D:6)
  A bullfrog zombie (D:11)
  4 lava snakes (Lair:6)
  A quasit (D:8)
  33 orc priests
  A centaur skeleton (D:4)
  5 jellies
  5 hounds
  3 bullfrog skeletons
  A gnoll shaman (D:7)
  Terence (D:2)
  3 iguanas
  25 orc wizards
  6 worker ants
  5 yak simulacra (Lair:6)
  A wolf simulacrum (Lair:6)
  A killer bee zombie (D:6)
  3 hound skeletons
  A hound zombie (D:7)
  2 worker ant zombies
  9 adders
  9 gnolls
  3 shadow imps
  A white imp (D:4)
  3 oozes
  3 adder skeletons
  2 adder zombies
  A worm (D:4)
  3 dart slugs
  6 leopard geckos
  82 orcs
  3 ball pythons
  11 bats
  3 giant cockroaches
  8 hobgoblins
  9 jackals
  7 quokkas
  4 frilled lizards
  15 goblins
  7 kobolds
  9 rats
  5 river rat simulacra (Lair:6)
620 creatures vanquished.

Vanquished Creatures (collateral kills)
  A fire dragon (Lair:6)
  An orc sorcerer (Orc:2)
  2 molten gargoyles (Lair:6)
  A troll (Orc:1)
  4 hell hounds (Lair:6)
  3 orc warriors
  2 ogres (Orc:1)
  A lava snake (Lair:6)
  2 orc priests (Orc:1)
  An orc wizard (Orc:1)
  7 orcs
25 creatures vanquished.

Vanquished Creatures (others)
  An unseen horror (D:10)
  A centaur (D:10)
  A hound skeleton (D:11)
  An orc (Orc:2)
  20 fungi
  38 plants
62 creatures vanquished.

Grand Total: 707 creatures vanquished

Notes
Turn   | Place    | Note
-------+----------+-------------------------------------------
     0 | D:1      | Mopster the Minotaur Berserker began the quest for the Orb.
     0 | D:1      | Reached XP level 1. HP: 19/19 MP: 0/0
   139 | D:1      | Reached XP level 2. HP: 26/27 MP: 1/1
   416 | D:1      | Reached skill level 4 in Maces & Flails
  1167 | D:1      | Reached XP level 3. HP: 28/33 MP: 2/2
  1196 | D:1      | Reached ** piety under Trog
  1718 | D:2      | Noticed Sigmund
  1728 | D:2      | Killed Sigmund
  1728 | D:2      | Reached skill level 5 in Fighting
  1728 | D:2      | Reached skill level 5 in Maces & Flails
  1728 | D:2      | Reached XP level 4. HP: 42/42 MP: 3/3
  1728 | D:2      | Reached XP level 5. HP: 48/48 MP: 4/4
  1959 | D:2      | Noticed Terence
  1969 | D:2      | Killed Terence
  2016 | D:2      | Reached XP level 6. HP: 56/56 MP: 5/5
  2075 | D:2      | Found a blossoming altar of Fedhas.
  2075 | D:2      | Found a faded altar of an unknown god.
  2089 | D:2      | Found a faded altar of an unknown god.
  2091 | D:2      | Found an iron altar of Okawaru.
  2092 | D:2      | Found a glowing silver altar of Zin.
  2258 | D:3      | Found a snail-covered altar of Cheibriados.
  2755 | D:4      | Reached *** piety under Trog
  2856 | D:4      | Reached skill level 6 in Maces & Flails
  2874 | D:4      | Reached skill level 1 in Shields
  3076 | D:4      | Found a staircase to the Ecumenical Temple.
  3363 | D:4      | Found a glowing golden altar of the Shining One.
  3364 | D:4      | Noticed Menkaure
  3379 | D:4      | Killed Menkaure
  3379 | D:4      | Reached XP level 7. HP: 36/62 MP: 6/6
  3567 | D:5      | Entered Level 5 of the Dungeon
  3645 | D:5      | Reached skill level 7 in Maces & Flails
  3877 | D:5      | Got a wavering lead ring
  3880 | D:5      | Identified the ring "Pyubulof" {+Blink +Fly MP+9 SInv} (You
                  | found it on level 5 of the Dungeon)
  4038 | D:5      | Found a hazy altar of Hepliaklqana.
  4158 | D:6      | Found Paotiruc's Magic Scroll Shoppe.
  4165 | D:6      | Reached skill level 5 in Armour
  4172 | D:6      | Bought a scroll of identify for 24 gold pieces
  4172 | D:6      | Bought a scroll of enchant weapon for 90 gold pieces
  4172 | D:6      | Bought a scroll of identify for 24 gold pieces
  4172 | D:6      | Bought a scroll of identify for 24 gold pieces
  4172 | D:6      | Bought a scroll of identify for 24 gold pieces
  4172 | D:6      | Bought a scroll of teleportation for 36 gold pieces
  4388 | D:6      | Reached XP level 8. HP: 70/71 MP: 7/7
  4648 | D:6      | Reached skill level 8 in Maces & Flails
  5037 | D:7      | Found a runed translucent door.
  5037 | D:7      | Noticed an angel
  5044 | D:7      | Found a glowing golden altar of the Shining One.
  5230 | D:7      | Reached skill level 9 in Maces & Flails
  5433 | D:7      | Reached **** piety under Trog
  5461 | D:7      | Reached XP level 9. HP: 68/79 MP: 8/8
  5492 | D:7      | Got a heavily runed bronze ring
  5494 | D:7      | Identified the ring of Ru's Castigation {rN+ Dex+6} (You
                  | found it on level 7 of the Dungeon)
  5857 | D:8      | Reached skill level 10 in Maces & Flails
  5865 | D:8      | Found a burning altar of Makhleb.
  5925 | D:8      | Reached skill level 5 in Shields
  6408 | D:8      | Found a white marble altar of Elyvilon.
  6799 | D:9      | Found a staircase to the Orcish Mines.
  6805 | D:9      | Reached skill level 11 in Maces & Flails
  6843 | D:9      | Found a basalt altar of Yredelemnul.
  7218 | D:9      | Found a broken altar of Ashenzari.
  7586 | D:9      | Got an encrusted tower shield
  7597 | D:9      | Identified the +0 tower shield of the Raven {Str-4 Int+4
                  | Dex+2} (You found it on level 9 of the Dungeon)
  8034 | D:10     | Entered Level 10 of the Dungeon
  8061 | D:10     | Killed an unseen horror
  8109 | D:10     | Reached XP level 10. HP: 69/88 MP: 9/9
  8272 | D:10     | Noticed an elephant
  8277 | D:10     | Noticed a two-headed ogre
  8293 | D:10     | Killed an elephant
  8302 | D:10     | Killed a two-headed ogre
  8302 | D:10     | Reached skill level 12 in Maces & Flails
  8629 | D:10     | Reached ***** piety under Trog
  8728 | D:10     | Found a staircase to the Lair.
  9237 | D:11     | Reached skill level 13 in Maces & Flails
  9243 | D:11     | Reached XP level 11. HP: 97/97 MP: 10/10
  9324 | D:11     | Received a gift from Trog
  9427 | D:11     | Noticed a boulder beetle
  9494 | D:11     | Killed a boulder beetle
  9756 | D:11     | Noticed a green ugly thing
  9769 | D:11     | Killed a green ugly thing
  9769 | D:11     | Reached skill level 10 in Shields
 10356 | D:12     | Noticed a white ugly thing
 10387 | D:11     | Noticed a two-headed ogre
 10397 | D:11     | Killed a two-headed ogre
 10398 | D:11     | Reached skill level 14 in Maces & Flails
 10705 | D:11     | Found a runed translucent door.
 10706 | D:11     | Noticed a deep troll
 10708 | D:11     | Noticed a seven-headed hydra
 10714 | D:11     | Noticed a brown ugly thing
 10714 | D:11     | Found a runed translucent door.
 10714 | D:11     | Found a runed translucent door.
 10766 | D:11     | Noticed a purple ugly thing
 10766 | D:11     | Noticed a six-headed hydra
 10959 | D:11     | Killed a purple ugly thing
 10974 | D:11     | Noticed a death knight
 10985 | D:11     | Killed a death knight
 11024 | D:11     | Killed a six-headed hydra
 11028 | D:11     | Reached skill level 10 in Fighting
 11040 | D:11     | Reached skill level 1 in Evocations
 11258 | D:11     | Noticed an unseen horror
 11304 | D:11     | Noticed a skeletal warrior
 11314 | D:11     | Killed a skeletal warrior
 11617 | Lair:1   | Entered Level 1 of the Lair of Beasts
 11617 | Lair:1   | Noticed Gastronok
 11633 | Lair:1   | Killed Gastronok
 11633 | Lair:1   | Reached skill level 15 in Maces & Flails
 11633 | Lair:1   | Reached XP level 12. HP: 106/106 MP: 11/11
 11787 | Lair:1   | Reached skill level 10 in Armour
 12480 | Lair:1   | You fall into a shaft and drop 1 floor!
 13056 | Lair:2   | Found a staircase to the Snake Pit.
 13098 | Lair:2   | Found a transporter.
 13100 | Lair:2   | Found a transporter.
 13100 | Lair:2   | Noticed a boulder beetle
 13101 | Lair:2   | Noticed a boulder beetle
 13669 | Lair:3   | Reached skill level 5 in Dodging
 14086 | Lair:3   | Found a staircase to the Swamp.
 14157 | Lair:3   | Reached skill level 16 in Maces & Flails
 14239 | Lair:3   | Reached XP level 13. HP: 110/116 MP: 12/12
 14680 | Swamp:1  | Entered Level 1 of the Swamp
 15018 | Lair:4   | Identified 2 scrolls of acquirement
 15081 | Lair:3   | Acquired a +4 eveningstar of protection
 15084 | Lair:3   | Acquired a manual of Armour
 15936 | Lair:5   | Found a runed translucent door.
 15972 | Lair:5   | Found a viscous altar of Jiyva.
 15972 | Lair:5   | Found a staircase to the Slime Pits.
 16678 | Lair:6   | Entered Level 6 of the Lair of Beasts
 17292 | Lair:6   | Noticed a fire dragon
 18269 | Lair:6   | Found a large runed translucent door.
 18269 | Lair:6   | Found a large runed translucent door.
 18331 | Lair:6   | Killed a fire dragon
 18856 | D:12     | Reached XP level 14. HP: 129/129 MP: 13/13
 18929 | Orc:1    | Entered Level 1 of the Orcish Mines
 19003 | Orc:1    | Noticed a stone giant
 19031 | Orc:1    | Killed a stone giant
 19069 | Orc:1    | Noticed an orc warlord
 19077 | Orc:1    | Noticed Erica
 19140 | Orc:1    | Received a gift from Trog
 19865 | Orc:2    | Entered Level 2 of the Orcish Mines
 20448 | Orc:2    | Found a roughly hewn altar of Beogh.
 20480 | Orc:2    | Found a staircase to the Elven Halls.
 20486 | Orc:2    | Noticed an orc warlord
 20513 | Orc:2    | Killed an orc warlord
 20573 | Orc:2    | Noticed an orc warlord
 20599 | Orc:2    | Killed an orc warlord
 21248 | Orc:2    | Noticed Saint Roka
 21618 | Orc:2    | Reached skill level 15 in Shields
 21645 | Orc:2    | Killed Saint Roka
 21653 | Orc:2    | HP: 6/133 [sun demon[an orc high priest] (16)]
 22460 | Orc:2    | Found Zofyfock's General Store.
 22461 | Orc:2    | Found Coenais's Jewellery Shoppe.
 22463 | Orc:2    | Found Luotul's Antique Armour Emporium.
 22463 | Orc:2    | Found Sunab's Antique Weapon Emporium.
 22667 | Orc:2    | Bought the ring "Ocyefalu" {rF+ rC+ rCorr Str+3} for 709
                  | gold pieces
 22667 | Orc:2    | Bought an uncursed amulet of reflection for 450 gold pieces
 22811 | Orc:1    | Killed an orc warlord
 22828 | Orc:2    | Killed from afar by Erica

Illustrated notes

Levels and vault maps discovered:
D:1:      lemuel_arrival_hallway, layout_basic, serial_forest,
          infiniplex_forest_clump_diagonal, infiniplex_forest_pool,
          infiniplex_forest_3_way, infiniplex_forest_lined_3,
          infiniplex_forest_clump_double, infiniplex_forest_side_room
D:2:      layout_rooms, chequers_temple_overflow_minitemple,
          minmay_misc_feat_chi, uniq_sigmund, uniq_terence
D:3:      layout_rooms, lemuel_round_altar, serial_corexii_hall,
          chequers_hall_statues_corner_a, corexii_hall_statues_i
D:4:      layout_basic, lemuel_round_altar, minmay_temple_entry_hall,
          uniq_menkaure
D:5:      layout_rooms, lemuel_coloured_pillars_altar
D:6:      layout_basic, serial_shops, shop
D:7:      layout_rooms, lemuel_angel_altar
D:8:      layout_basic, kennysheep_mini_moat, makhleb_blood_cavern_becter
D:9:      layout_loops_corners, kennysheep_little_box, lemuel_doored_altar,
          orc_0_dummy
D:10:     layout_basic, david_lair_generic, minmay_circle_x
D:11:     minmay_the_grid_triangle_9x9_recursive_3_mashed
          [minmay_the_grid_triangle_9x9_fully_insulated_deathbox,
          minmay_the_grid_triangle_9x9_negative_grid,
          minmay_the_grid_triangle_9x9_corruption,
          minmay_the_grid_triangle_9x9_prize_center,
          minmay_the_grid_triangle_9x9_skeleton,
          minmay_the_grid_triangle_9x9_intruding_spiral,
          minmay_the_grid_triangle_9x9_impossible_snake,
          minmay_the_grid_triangle_9x9_swiss_cheese,
          minmay_the_grid_triangle_9x9_steps], layout_basic
D:12:     layout_rooms, enter_trove_0, nicolae_dithmenos_shadow_blocks
Lair:1:   layout_chaotic_city, grunt_megastairs_2, lemuel_fruit_fields,
          uniq_gastronok
Lair:2:   gammafunk_boulding_lane, layout_gridlike,
          minmay_snake_entry_guardpost_small, serial_bayou_shore_a
Lair:3:   layout_regular_city, swamp_mist, st_stairs_6,
          infiniplex_staircase_pool_2
Lair:4:   layout_cave_pods, grunt_forest_large_clearings
Lair:5:   layout_cave_pods, slime_altar_2, serial_bayou_shore_b
Lair:6:   cheibrodos_lair_end_hotspot, layout_regular_city, serial_forest,
          infiniplex_forest_lined_3_way, infiniplex_forest_end_1,
          infiniplex_forest_clump_large, infiniplex_forest_lined_1,
          infiniplex_forest_lined_room_3, infiniplex_forest_straight_5,
          infiniplex_forest_straight_3, infiniplex_forest_clump_tiny,
          eino_house_with_fridge
Swamp:1:  layout_basic_swamp, evilmike_swamp_ruin_house_1
Orc:1:    layout_caves, uniq_erica
Orc:2:    st_orc_congregation, layout_caves, kennysheep_orc_chapel,
          uniq_saint_roka

Skill      XL: |  1  2  3  4  5  6  7  8  9 10 11 12 13 14 |
---------------+-------------------------------------------+-----
Fighting       | 4 5 6 7 8 9 10 11 13 14 | 14.8
Maces & Flails | 4 5 6 7 9 11 13 15 16 | 16.0
Armour         | 3 4 5 6 7 8 9 11 13 14 | 14.3
Dodging        | 3 5 7 8 |  8.6
Shields        | 2 3 4 7 9 11 12 13 15 | 15.3
Evocations     | 1 |  1.9

Action                   |  1- 3 |  4- 6 |  7- 9 | 10-12 | 13-15 || total
-------------------------+-------+-------+-------+-------+-------++-------
Melee: Mace              |    65 |   130 |       |       |       ||   195
       Headbutt          |    12 |    31 |    48 |   124 |   164 ||   379
       Flail             |       |    25 |    93 |       |       ||   118
       Morningstar       |       |       |   145 |   495 |   106 ||   746
       Eveningstar       |       |       |       |       |   673 ||   673
Invok: Berserk           |     2 |     2 |     9 |    16 |    21 ||    50
       Trog's Hand       |       |     1 |     4 |     4 |    20 ||    29
       Brothers in Arms  |       |       |       |       |     8 ||     8
 Abil: Evoke Blink       |       |       |     1 |       |     2 ||     3
       Evoke Invisibilit |       |       |       |     1 |       ||     1
Evoke: Wand              |       |       |       |     2 |     2 ||     4
  Use: Scroll            |     1 |     8 |    11 |     9 |    17 ||    46
       Potion            |       |       |       |       |     6 ||     6
 Stab: Distracted        |       |       |       |       |     1 ||     1
Armor: Leather armour    |    15 |    13 |       |       |       ||    28
       Scale mail        |       |     3 |       |       |       ||     3
       Plate armour      |       |    47 |    82 |   134 |   202 ||   465
       Skin              |       |       |       |       |     8 ||     8
Dodge: Dodged            |    54 |    30 |    23 |    49 |   122 ||   278
Block: Tower shield      |       |    80 |   175 |   352 |   730 ||  1337
       Reflection        |       |       |       |       |     2 ||     2

Table legend: (Time is in decaauts)
 A = Elapsed time spent in this place.
 B = Non-inter-level travel time spent in this place.
 C = Inter-level travel time spent in this place.
 D = Time resting spent in this place.
 E = Time spent auto-exploring this place.
 F = Levels seen in this place.
 G = Mean time per level.
                   A        B        C        D        E       F      G
               +--------+--------+--------+--------+--------+-----+--------+
         Total |  23056 |  18214 |   4842 |   3944 |   9433 |  21 | 1097.9 |
       Dungeon |  12056 |   9049 |   3007 |   1480 |   5126 |  12 | 1004.7 |
          Lair |   7118 |   5898 |   1220 |    780 |   3720 |   6 | 1186.3 |
         Swamp |     17 |     17 |      0 |      0 |      0 |   1 |   17.0 |
  Orcish Mines |   3863 |   3249 |    614 |   1683 |    587 |   2 | 1931.5 |
               +--------+--------+--------+--------+--------+-----+--------+

Top non-repeatable levels by time:
   Orc:1: 2394 daAuts
    D:11: 2320 daAuts
  Lair:6: 1991 daAuts
     D:9: 1795 daAuts
     D:1: 1736 daAuts
   Orc:2: 1468 daAuts
  Lair:3: 1164 daAuts
    D:10: 1132 daAuts
  Lair:1: 1083 daAuts
  Lair:2: 1003 daAuts
  Lair:5: 942 daAuts
  Lair:4: 933 daAuts
     D:6: 878 daAuts
     D:4: 872 daAuts
     D:8: 866 daAuts
